Bruins vs Blues
(R1)
Created - 27 octobre 2014 at 19:12
Goals
|
| Bruins |
3 |
0 |
2 |
5 |
| Blues |
2 |
1 |
4 |
7 |
|
Shots
|
| Bruins |
10 |
5 |
12 |
27 |
| Blues |
8 |
16 |
20 |
44 |
|
1st period
1. Bruins , Matt Cooke 3 (Jason Demers) at 11:17
2. Bruins , Wojtek Wolski 9 (Jason Demers, Mark Stuart) at 12:22
3. Blues , Brian Lee 3 (Marian Hossa, Paul Kariya) at 16:07 (PP)
4. Blues , Mikael Samuelsson 2 (Erik Rasmussen, Drew Fata) at 17:56
5. Bruins , Dainius Zubrus 2 (Ryan O'Byrne) at 19:07
Penalties :
Victor Oreskovich (Bos) for Hooking (Minor) at 5:38, Victor Oreskovich (Bos) for Cross-checking (Minor) at 15:14
2nd period
6. Blues , Michael Frolik 3 (David Perron) at 13:07
Penalties :
David Perron (STL) for Roughing (Minor) at 1:08, David Perron (STL) for Tripping (Minor) at 14:13, Vitali Yachmenev (Bos) for Cross-checking (Minor) at 18:03
3rd period
7. Bruins , Matt Hendricks 2 (Andrew Alberts, Vitali Yachmenev) at 0:12
8. Blues , David Perron 4 (Michael Frolik, Nik Antropov) at 5:35
9. Bruins , Matt Cooke 4 (Matt Hendricks) at 8:24
10. Blues , Paul Kariya 13 (Travis Zajac, Marian Hossa) at 8:32
11. Blues , Travis Zajac 10 (Kristopher Letang, Brian Lee) at 14:51
12. Blues , Drew Fata 1 (Sergei Shirokov, Andrew Cogliano) at 19:13
Penalties :
Eric Lindros (Bos) for Hooking (Minor) at 1:46, Jeff Carter (Bos) for Hooking (Minor) at 5:40
Goalie Stats
Evgeni Nabokov (Bos), 37 saves from 44 shots - (0,841), L, 7-5-1, 60:00 minutes
Tuukka Rask (STL), 22 saves from 27 shots - (0,815), W, 10-2-1, 60:00 minutes
Players Stats for Bruins
Player Name G A P +/- PIM S H SB GA TA FO MP PP MP PK MP
------------------------------------------------------------------------------------
Andrew Alberts 0 1 1 0 0 0 0 3 0 0 0/0 30:28 2:06 5:19
Christoph Schubert 0 0 0 -1 0 0 0 4 0 1 0/0 9:18 0:00 0:00
Dainius Zubrus 1 0 1 0 0 6 1 0 2 0 1/1 13:49 0:00 2:52
Dave Bolland 0 0 0 0 0 2 1 1 1 0 3/7 12:23 0:00 1:47
Eric Lindros 0 0 0 0 2 0 1 1 1 0 12/21 22:32 2:10 2:04
Jason Demers 0 2 2 0 0 1 0 6 0 0 0/0 20:14 1:52 3:30
Jeff Carter 0 0 0 -3 2 6 0 0 1 0 6/17 15:33 1:48 0:00
Mark Stuart 0 1 1 0 0 0 1 1 0 2 0/0 20:14 1:52 3:30
Matt Cooke 2 0 2 1 0 2 1 0 1 0 0/0 8:20 0:00 1:26
Matt Hendricks 1 1 2 2 0 2 2 1 0 1 5/12 11:27 0:00 4:45
Richard Zednik 0 0 0 1 0 1 1 0 1 0 0/0 6:32 0:00 0:00
Ryan O'Byrne 0 1 1 0 0 0 0 2 1 0 0/0 30:28 2:06 5:19
Scott Hartnell 0 0 0 0 0 0 2 1 0 0 0/0 10:37 1:48 0:00
Tom Gilbert 0 0 0 -1 0 0 1 2 1 0 0/0 9:18 0:00 0:00
Victor Oreskovich 0 0 0 -4 4 1 1 1 2 0 3/3 15:36 1:48 0:00
Viktor Stalberg 0 0 0 -3 0 1 0 0 0 0 0/1 13:01 0:00 0:00
Vitali Yachmenev 0 1 1 2 2 2 3 0 0 0 1/1 18:03 2:10 0:00
Wojtek Wolski 1 0 1 1 0 3 3 0 2 0 0/0 23:13 2:10 4:44
Players Stats for Blues
Player Name G A P +/- PIM S H SB GA TA FO MP PP MP PK MP
------------------------------------------------------------------------------------
Andrew Cogliano 0 1 1 0 0 6 2 0 0 2 5/10 14:56 0:07 1:24
Brian Lee 1 1 2 -1 0 4 0 0 0 0 0/0 21:41 4:16 1:55
Bryce Lampman 0 0 0 1 0 1 0 1 0 2 0/0 21:08 0:00 1:55
Dan Boyle 0 0 0 0 0 0 1 1 0 0 0/0 24:48 4:33 0:00
David Perron 1 1 2 2 4 1 2 0 0 1 0/0 15:52 3:34 0:00
Drew Fata 1 1 2 2 0 1 0 0 0 1 0/0 12:49 0:00 2:03
Erik Rasmussen 0 1 1 -1 0 3 1 0 0 2 2/3 5:58 0:00 0:00
Kevin Shattenkirk 0 0 0 2 0 1 1 0 0 0 0/0 15:50 4:16 0:00
Kristopher Letang 0 1 1 -2 0 0 2 3 0 3 0/0 23:44 4:33 2:03
Marcel Hossa 0 0 0 0 0 2 0 0 1 0 0/1 13:27 0:04 0:29
Marian Hossa 0 2 2 0 0 5 4 1 1 1 1/3 21:26 5:11 0:00
Michael Frolik 1 1 2 2 0 2 1 1 0 1 0/2 16:11 3:34 0:49
Mikael Samuelsson 1 0 1 -1 0 1 0 0 0 0 0/0 6:09 0:04 0:00
Nik Antropov 0 1 1 1 0 4 1 1 1 0 12/20 19:04 5:08 2:00
Paul Kariya 1 1 2 0 0 5 1 0 0 0 1/1 21:12 5:11 0:00
Sergei Shirokov 0 1 1 0 0 2 2 0 1 0 0/1 14:54 0:00 2:20
Taylor Pyatt 0 0 0 -1 0 1 1 1 0 0 0/0 7:23 0:00 0:54
Travis Zajac 1 1 2 1 0 5 1 1 0 0 11/22 19:28 3:34 0:00
3 Stars
1 - Matt Cooke (Bos)
2 - Matt Hendricks (Bos)
3 - Michael Frolik (STL)
Power Play
Bruins - 0 on 2 Attempt(s) - 0,00%
Blues - 1 on 5 Attempt(s) - 20,00%
Penalty Kill
Bruins - 4 on 5 Attempt(s) - 80,00%
- Score 0 goal in Penalty Kill
Blues - 2 on 2 Attempt(s) - 100,00%
- Score 0 goal in Penalty Kill
Official
Referees : Pochmara Brian and Hasenfratz Mike
Linesman : Shane Heyer and Jay Sharrers
Game Notes
No Game Note
Finance
Level 1 -- Attendance: 5625 (93,75%) -- Ticket Income 472 500 $
Level 2 -- Attendance: 5000 (100,00%) -- Ticket Income 260 000 $
Level 3 -- Attendance: 2000 (100,00%) -- Ticket Income 60 000 $
Level 4 -- Attendance: 4000 (100,00%) -- Ticket Income 76 000 $
Luxury Box -- Attendance: 915 (91,50%) -- Ticket Income 154 635 $
Game was played at the Scotttrade center
Total Attendance: 17540 (97,44%)
Total Ticket Income: 1 023 135 $
Other Income: 153 470 $
Total Income: 1 176 605 $
Bruins
5 vs 5 Forward
Center Left Wing Right Wing Time % Phy DF OF
1 Eric Lindros Wojtek Wolski Vitali Yachmenev 40 1 2 2
2 Jeff Carter Viktor Stalberg Victor Oreskovich 30 1 2 2
3 Dave Bolland Scott Hartnell Dainius Zubrus 20 1 2 2
4 Matt Hendricks Matt Cooke Richard Zednik 10 1 2 2
5 vs 5 Defense
Defense Defense Time % Phy DF OF
1 Andrew Alberts Ryan O'Byrne 40 1 2 2
2 Mark Stuart Jason Demers 30 1 2 2
3 Christoph Schubert Tom Gilbert 20 1 2 2
4 Andrew Alberts Ryan O'Byrne 10 1 2 2
PowerPlay Forward
Center Left Wing Right Wing Time % Phy DF OF
1 Eric Lindros Wojtek Wolski Vitali Yachmenev 60 1 2 2
2 Jeff Carter Scott Hartnell Victor Oreskovich 40 1 2 2
PowerPlay Defense
Defense Defense Time % Phy DF OF
1 Andrew Alberts Ryan O'Byrne 60 1 2 2
2 Mark Stuart Jason Demers 40 1 2 2
Penalty Kill 4 Players Forward
Center Wing Time % Phy DF OF
1 Matt Hendricks Wojtek Wolski 60 1 2 2
2 Eric Lindros Dainius Zubrus 40 1 2 2
Penalty Kill 4 Players Defense
Defense Defense Time % Phy DF OF
1 Andrew Alberts Ryan O'Byrne 60 1 2 2
2 Mark Stuart Jason Demers 40 1 2 2
Penalty Kill - 3 Players Forward
Forward Time % Phy DF OF
1 Wojtek Wolski 60 1 2 2
2 Vitali Yachmenev 40 1 2 2
Penalty Kill - 3 Players Defense
Defense Defense Time % Phy DF OF
1 Andrew Alberts Ryan O'Byrne 60 1 2 2
2 Mark Stuart Jason Demers 40 1 2 2
4 vs 4 Forward
Center Wing Time % Phy DF OF
1 Eric Lindros Wojtek Wolski 60 1 2 2
2 Jeff Carter Scott Hartnell 40 1 2 2
4 vs 4 Defense
Defense Defense Time % Phy DF OF
1 Andrew Alberts Ryan O'Byrne 60 1 2 2
2 Mark Stuart Jason Demers 40 1 2 2
Last Minutes Offensive
Center Left Wing Right Wing Defense Defense
Eric Lindros Wojtek Wolski Victor Oreskovich Andrew Alberts Ryan O'Byrne
Last Minutes Defensive
Center Left Wing Right Wing Defense Defense
Eric Lindros Wojtek Wolski Vitali Yachmenev Andrew Alberts Ryan O'Byrne
Goaltenders
Starting : Evgeni Nabokov
Backup : Karri Ramo
Extra Forwards
Normal : Jeff Carter, Wojtek Wolski, Eric Lindros - PP : Matt Cooke, Viktor Stalberg - PK : Dainius Zubrus
Extra Defensemen
Normal : Christoph Schubert, Tom Gilbert, Mark Stuart - PP : Christoph Schubert - PK : Tom Gilbert, Mark Stuart
Penalty Shots
Wojtek Wolski, Eric Lindros, Viktor Stalberg, Jeff Carter, Scott Hartnell
Blues
5 vs 5 Forward
Center Left Wing Right Wing Time % Phy DF OF
1 Travis Zajac Paul Kariya Marian Hossa 40 1 2 2
2 Nik Antropov David Perron Michael Frolik 30 1 2 2
3 Andrew Cogliano Marcel Hossa Sergei Shirokov 20 1 2 2
4 Erik Rasmussen Taylor Pyatt Mikael Samuelsson 10 1 2 2
5 vs 5 Defense
Defense Defense Time % Phy DF OF
1 Dan Boyle Bryce Lampman 40 1 2 2
2 Kristopher Letang Brian Lee 30 1 2 2
3 Drew Fata Kevin Shattenkirk 20 1 2 2
4 Dan Boyle Kristopher Letang 10 1 2 2
PowerPlay Forward
Center Left Wing Right Wing Time % Phy DF OF
1 Nik Antropov Paul Kariya Marian Hossa 60 1 2 2
2 Travis Zajac David Perron Michael Frolik 40 1 2 2
PowerPlay Defense
Defense Defense Time % Phy DF OF
1 Dan Boyle Kristopher Letang 60 1 2 2
2 Brian Lee Kevin Shattenkirk 40 1 2 2
Penalty Kill 4 Players Forward
Center Wing Time % Phy DF OF
1 Nik Antropov Sergei Shirokov 60 1 2 2
2 Andrew Cogliano Taylor Pyatt 40 1 2 2
Penalty Kill 4 Players Defense
Defense Defense Time % Phy DF OF
1 Bryce Lampman Brian Lee 60 1 2 2
2 Drew Fata Kristopher Letang 40 1 2 2
Penalty Kill - 3 Players Forward
Forward Time % Phy DF OF
1 Nik Antropov 60 1 2 2
2 Paul Kariya 40 1 2 2
Penalty Kill - 3 Players Defense
Defense Defense Time % Phy DF OF
1 Bryce Lampman Kevin Shattenkirk 60 1 2 2
2 Dan Boyle Drew Fata 40 1 2 2
4 vs 4 Forward
Center Wing Time % Phy DF OF
1 Travis Zajac Paul Kariya 60 1 2 2
2 Nik Antropov Marian Hossa 40 1 2 2
4 vs 4 Defense
Defense Defense Time % Phy DF OF
1 Dan Boyle Bryce Lampman 60 1 2 2
2 Brian Lee Kristopher Letang 40 1 2 2
Last Minutes Offensive
Center Left Wing Right Wing Defense Defense
Nik Antropov Paul Kariya Marian Hossa Dan Boyle Kristopher Letang
Last Minutes Defensive
Center Left Wing Right Wing Defense Defense
Nik Antropov Paul Kariya Marian Hossa Drew Fata Bryce Lampman
Goaltenders
Starting : Tuukka Rask
Backup : Cory Schneider
Extra Forwards
Normal : Andrew Cogliano, David Perron, Taylor Pyatt - PP : Andrew Cogliano, David Perron - PK : Michael Frolik
Extra Defensemen
Normal : Brian Lee, Kevin Shattenkirk, Bryce Lampman - PP : Brian Lee - PK : Kevin Shattenkirk, Bryce Lampman
Penalty Shots
David Perron, Michael Frolik, Marian Hossa, Nik Antropov, Paul Kariya
% Time on Ice - Bruins
Lines # - Real PCT - Wanted PCT - Time Play
Normal Forward
1 - 35% - 40% - 16:16
2 - 33% - 30% - 15:13
3 - 19% - 20% - 8:47
4 - 14% - 10% - 6:32
Normal Defense
1 - 44% - 40% - 20:37
2 - 31% - 30% - 14:27
3 - 20% - 20% - 9:18
4 - 5% - 10% - 2:26
PP Forward
1 - 55% - 60% - 2:10
2 - 45% - 40% - 1:48
PP Defense
1 - 53% - 60% - 2:06
2 - 47% - 40% - 1:52
PK Forward
1 - 70% - 60% - 6:10
2 - 30% - 40% - 2:39
PK Defense
1 - 60% - 60% - 5:19
2 - 40% - 40% - 3:30
PK3 Forward
1 - 0% - 60%
2 - 0% - 40%
PK3 Defense
1 - 0% - 60%
2 - 0% - 40%
44 Forward
1 - 0% - 60%
2 - 0% - 40%
44 Defense
1 - 0% - 60%
2 - 0% - 40%
Last Minute Offensive - 0:25
Last Minute Defensive - 0:00
Total
Forward - 60:00
Defense - 60:00
|
% Time on Ice - Blues
Lines # - Real PCT - Wanted PCT - Time Play
Normal Forward
1 - 35% - 40% - 16:23
2 - 26% - 30% - 12:19
3 - 27% - 20% - 12:33
4 - 13% - 10% - 5:58
Normal Defense
1 - 41% - 40% - 19:17
2 - 31% - 30% - 14:42
3 - 23% - 20% - 10:46
4 - 5% - 10% - 2:28
PP Forward
1 - 60% - 60% - 5:15
2 - 40% - 40% - 3:34
PP Defense
1 - 52% - 60% - 4:33
2 - 48% - 40% - 4:16
PK Forward
1 - 77% - 60% - 3:04
2 - 23% - 40% - 0:54
PK Defense
1 - 48% - 60% - 1:55
2 - 52% - 40% - 2:03
PK3 Forward
1 - 0% - 60%
2 - 0% - 40%
PK3 Defense
1 - 0% - 60%
2 - 0% - 40%
44 Forward
1 - 0% - 60%
2 - 0% - 40%
44 Defense
1 - 0% - 60%
2 - 0% - 40%
Last Minute Offensive - 0:00
Last Minute Defensive - 0:00
Total
Forward - 60:00
Defense - 60:00
|
Play by Play
1st period
0:01 of 1st period - Eric Lindros wins face-off versus Travis Zajac in neutral zone.
1:19 of 1st period - Slapshot by Richard Zednik.
1:19 of 1st period - Stopped by Tuukka Rask with a rebound.
1:31 of 1st period - Snap shot by Marian Hossa.
1:31 of 1st period - Shot Misses the Net.
2:10 of 1st period - Snap shot by Dainius Zubrus.
2:10 of 1st period - Stopped by Tuukka Rask with a rebound.
2:12 of 1st period - Wrist shot by Scott Hartnell.
2:12 of 1st period - Deflect By Dainius Zubrus.
2:12 of 1st period - Deflect By Drew Fata.
2:12 of 1st period - Shot Misses the Net.
2:12 of 1st period - Puck is out of play.
2:13 of 1st period - Dainius Zubrus wins face-off versus Andrew Cogliano in Blues zone.
2:38 of 1st period - Marian Hossa is hit by Vitali Yachmenev and loses puck.
3:01 of 1st period - Slapshot by Nik Antropov.
3:01 of 1st period - Stopped by Evgeni Nabokov with a rebound.
3:07 of 1st period - Dan Boyle is hit by Victor Oreskovich and loses puck.
3:26 of 1st period - David Perron is hit by Matt Hendricks and loses puck.
3:37 of 1st period - Wrist shot by Wojtek Wolski.
3:37 of 1st period - Shot Blocked by Kristopher Letang.
4:05 of 1st period - Mark Stuart is hit by Kristopher Letang and loses puck.
4:24 of 1st period - Backhand shot by Jeff Carter.
4:24 of 1st period - Stopped by Tuukka Rask with a rebound.
4:26 of 1st period - Slapshot by Jason Demers.
4:26 of 1st period - Stopped by Tuukka Rask with a rebound.
4:28 of 1st period - Snap shot by Victor Oreskovich.
4:28 of 1st period - Shot Misses the Net.
4:48 of 1st period - Snap shot by Andrew Cogliano.
4:48 of 1st period - Stopped by Evgeni Nabokov without a rebound.
4:49 of 1st period - Eric Lindros wins face-off versus Travis Zajac in Bruins zone.
4:54 of 1st period - Ryan O'Byrne is hit by Marian Hossa and loses puck.
5:15 of 1st period - Snap shot by Sergei Shirokov.
5:15 of 1st period - Stopped by Evgeni Nabokov without a rebound.
5:16 of 1st period - Victor Oreskovich wins face-off versus Andrew Cogliano in Bruins zone.
5:16 of 1st period - Victor Oreskovich is hit by Kevin Shattenkirk.
5:38 of 1st period - Minor Penalty to Victor Oreskovich for Hooking.
5:39 of 1st period - Matt Hendricks wins face-off versus Nik Antropov in Bruins zone.
5:52 of 1st period - Snap shot by Marian Hossa.
5:52 of 1st period - Shot Misses the Net.
5:54 of 1st period - Wrist shot by Paul Kariya.
5:54 of 1st period - Shot Misses the Net.
7:38 of 1st period - Penalty to Victor Oreskovich is over, Victor Oreskovich is back on ice.
8:23 of 1st period - Bryce Lampman is hit by Eric Lindros and loses puck.
9:45 of 1st period - Wrist shot by Erik Rasmussen.
9:45 of 1st period - Shot Blocked by Tom Gilbert.
9:59 of 1st period - Matt Hendricks is hit by David Perron and loses puck.
10:10 of 1st period - Backhand shot by Matt Hendricks.
10:10 of 1st period - Stopped by Tuukka Rask without a rebound.
10:11 of 1st period - Andrew Cogliano wins face-off versus Jeff Carter in Blues zone.
10:58 of 1st period - Ryan O'Byrne is hit by Paul Kariya and loses puck.
11:17 of 1st period - Wrist shot by Matt Cooke.
11:17 of 1st period - Goal by Matt Cooke - Bruins : 1 - Blues : 0.
11:18 of 1st period - Eric Lindros wins face-off versus Marian Hossa in neutral zone.
11:33 of 1st period - Slapshot by Travis Zajac.
11:33 of 1st period - Deflect By Paul Kariya.
11:33 of 1st period - Stopped by Evgeni Nabokov with a rebound.
11:45 of 1st period - Mark Stuart is hit by Sergei Shirokov and loses puck.
12:08 of 1st period - Wrist shot by Wojtek Wolski.
12:08 of 1st period - Shot Misses the Net.
12:14 of 1st period - Wrist shot by Eric Lindros.
12:14 of 1st period - Shot Misses the Net.
12:16 of 1st period - Slapshot by Vitali Yachmenev.
12:16 of 1st period - Shot Blocked by Bryce Lampman.
12:18 of 1st period - Slapshot by Wojtek Wolski.
12:18 of 1st period - Shot Misses the Net.
12:20 of 1st period - Slapshot by Mark Stuart.
12:20 of 1st period - Shot Hit the Post.
12:22 of 1st period - Slapshot by Jason Demers.
12:22 of 1st period - Deflect By Wojtek Wolski.
12:22 of 1st period - Goal by Wojtek Wolski - Bruins : 2 - Blues : 0.
12:23 of 1st period - Travis Zajac wins face-off versus Jeff Carter in neutral zone.
12:48 of 1st period - Andrew Alberts is hit by Nik Antropov and loses puck.
13:15 of 1st period - Matt Hendricks is hit by Taylor Pyatt.
13:33 of 1st period - Slapshot by Jeff Carter.
13:33 of 1st period - Stopped by Tuukka Rask with a rebound.
14:39 of 1st period - Bryce Lampman is hit by Matt Cooke and loses puck.
15:14 of 1st period - Minor Penalty to Victor Oreskovich for Cross-checking.
15:15 of 1st period - Nik Antropov wins face-off versus Matt Hendricks in Bruins zone.
16:07 of 1st period - Slapshot by Brian Lee.
16:07 of 1st period - Goal by Brian Lee - Bruins : 2 - Blues : 1.
16:08 of 1st period - Andrew Cogliano wins face-off versus Eric Lindros in neutral zone.
16:19 of 1st period - Snap shot by Sergei Shirokov.
16:19 of 1st period - Shot Misses the Net.
16:22 of 1st period - Icing by Ryan O'Byrne.
16:23 of 1st period - Eric Lindros wins face-off versus Travis Zajac in Bruins zone.
16:56 of 1st period - Wrist shot by Wojtek Wolski.
16:56 of 1st period - Stopped by Tuukka Rask with a rebound.
17:56 of 1st period - Snap shot by Erik Rasmussen.
17:56 of 1st period - Deflect By Mikael Samuelsson.
17:56 of 1st period - Goal by Mikael Samuelsson - Bruins : 2 - Blues : 2.
17:57 of 1st period - Marian Hossa wins face-off versus Jeff Carter in neutral zone.
18:00 of 1st period - Wrist shot by Travis Zajac.
18:00 of 1st period - Shot Blocked by Jason Demers.
18:02 of 1st period - Slapshot by Travis Zajac.
18:02 of 1st period - Shot Blocked by Jason Demers.
18:04 of 1st period - Slapshot by Brian Lee.
18:04 of 1st period - Stopped by Evgeni Nabokov without a rebound.
18:05 of 1st period - Travis Zajac wins face-off versus Jeff Carter in Bruins zone.
18:22 of 1st period - Snap shot by Travis Zajac.
18:22 of 1st period - Stopped by Evgeni Nabokov without a rebound.
18:23 of 1st period - Nik Antropov wins face-off versus Dave Bolland in Bruins zone.
18:32 of 1st period - Wrist shot by Michael Frolik.
18:32 of 1st period - Shot Misses the Net.
18:34 of 1st period - Slapshot by Dan Boyle.
18:34 of 1st period - Deflect By David Perron.
18:34 of 1st period - Shot Misses the Net.
18:34 of 1st period - Puck is out of play.
18:35 of 1st period - Travis Zajac wins face-off versus Eric Lindros in Bruins zone.
19:00 of 1st period - Kristopher Letang is hit by Scott Hartnell and loses puck.
19:07 of 1st period - Snap shot by Dainius Zubrus.
19:07 of 1st period - Goal by Dainius Zubrus - Bruins : 3 - Blues : 2.
19:08 of 1st period - Jeff Carter wins face-off versus Michael Frolik in neutral zone.
19:33 of 1st period - Bryce Lampman is hit by Wojtek Wolski and loses puck.
Goals for this period are 3 for Bruins vs 2 for Blues.
Shots for this period are 10 for Bruins vs 8 for Blues.
2nd period
0:01 of 2nd period - Eric Lindros wins face-off versus Travis Zajac in neutral zone.
0:51 of 2nd period - Michael Frolik is hit by Dainius Zubrus and loses puck.
1:00 of 2nd period - Snap shot by Dave Bolland.
1:00 of 2nd period - Shot Blocked by Michael Frolik.
1:08 of 2nd period - Minor Penalty to David Perron for Roughing.
1:09 of 2nd period - Eric Lindros wins face-off versus Sergei Shirokov in Blues zone.
1:46 of 2nd period - Slapshot by Andrew Alberts.
1:46 of 2nd period - Shot Blocked by Taylor Pyatt.
2:27 of 2nd period - Snap shot by Kristopher Letang.
2:27 of 2nd period - Shot Blocked by Jason Demers.
3:08 of 2nd period - Penalty to David Perron is over, David Perron is back on ice.
3:15 of 2nd period - Matt Hendricks is hit by Marian Hossa and loses puck.
3:38 of 2nd period - Wrist shot by Mikael Samuelsson.
3:38 of 2nd period - Shot Misses the Net.
3:51 of 2nd period - Off-side.
3:52 of 2nd period - Matt Hendricks wins face-off versus Nik Antropov in neutral zone.
4:14 of 2nd period - Icing by Andrew Alberts.
4:15 of 2nd period - Matt Hendricks wins face-off versus Travis Zajac in Bruins zone.
4:15 of 2nd period - Matt Hendricks is hit by Travis Zajac.
5:09 of 2nd period - Snap shot by Marcel Hossa.
5:09 of 2nd period - Stopped by Evgeni Nabokov with a rebound.
5:11 of 2nd period - Wrist shot by Marcel Hossa.
5:11 of 2nd period - Stopped by Evgeni Nabokov without a rebound.
5:12 of 2nd period - Eric Lindros wins face-off versus Travis Zajac in Bruins zone.
5:15 of 2nd period - Snap shot by Marian Hossa.
5:15 of 2nd period - Shot Misses the Net.
5:17 of 2nd period - Snap shot by Paul Kariya.
5:17 of 2nd period - Shot Blocked by Jason Demers.
5:57 of 2nd period - Wrist shot by Paul Kariya.
5:57 of 2nd period - Shot Misses the Net.
5:59 of 2nd period - Slapshot by Kevin Shattenkirk.
5:59 of 2nd period - Shot Blocked by Jason Demers.
6:01 of 2nd period - Slapshot by Kevin Shattenkirk.
6:01 of 2nd period - Stopped by Evgeni Nabokov without a rebound.
6:02 of 2nd period - Nik Antropov wins face-off versus Jeff Carter in Bruins zone.
6:36 of 2nd period - Snap shot by Dave Bolland.
6:36 of 2nd period - Stopped by Tuukka Rask with a rebound.
7:02 of 2nd period - Snap shot by Marcel Hossa.
7:02 of 2nd period - Shot Blocked by Christoph Schubert.
7:04 of 2nd period - Slapshot by Andrew Cogliano.
7:04 of 2nd period - Stopped by Evgeni Nabokov without a rebound.
7:05 of 2nd period - Eric Lindros wins face-off versus Travis Zajac in Bruins zone.
7:51 of 2nd period - Snap shot by Dainius Zubrus.
7:51 of 2nd period - Stopped by Tuukka Rask without a rebound.
7:52 of 2nd period - Erik Rasmussen wins face-off versus Dave Bolland in Blues zone.
7:52 of 2nd period - Taylor Pyatt is hit by Scott Hartnell and loses puck.
8:17 of 2nd period - Snap shot by Travis Zajac.
8:17 of 2nd period - Stopped by Evgeni Nabokov with a rebound.
8:30 of 2nd period - Icing by Dan Boyle.
8:31 of 2nd period - Travis Zajac wins face-off versus Jeff Carter in Blues zone.
8:35 of 2nd period - Off-side.
8:36 of 2nd period - Jeff Carter wins face-off versus Travis Zajac in neutral zone.
8:43 of 2nd period - Wrist shot by Jeff Carter.
8:43 of 2nd period - Deflect By Viktor Stalberg.
8:43 of 2nd period - Shot Misses the Net.
8:43 of 2nd period - Puck is out of play.
8:44 of 2nd period - Travis Zajac wins face-off versus Eric Lindros in Blues zone.
8:53 of 2nd period - Snap shot by Marian Hossa.
8:53 of 2nd period - Shot Hit the Post.
8:55 of 2nd period - Snap shot by Brian Lee.
8:55 of 2nd period - Stopped by Evgeni Nabokov with a rebound.
8:57 of 2nd period - Slapshot by Kristopher Letang.
8:57 of 2nd period - Shot Blocked by Eric Lindros.
9:17 of 2nd period - Wrist shot by Paul Kariya.
9:17 of 2nd period - Stopped by Evgeni Nabokov without a rebound.
9:18 of 2nd period - Nik Antropov wins face-off versus Jeff Carter in Bruins zone.
10:49 of 2nd period - Snap shot by Erik Rasmussen.
10:49 of 2nd period - Stopped by Evgeni Nabokov with a rebound.
11:26 of 2nd period - Paul Kariya is hit by Richard Zednik and loses puck.
11:40 of 2nd period - Off-side.
11:41 of 2nd period - Andrew Cogliano wins face-off versus Eric Lindros in neutral zone.
12:28 of 2nd period - Wrist shot by Eric Lindros.
12:28 of 2nd period - Shot Misses the Net.
12:40 of 2nd period - Slapshot by Brian Lee.
12:40 of 2nd period - Shot Blocked by Ryan O'Byrne.
12:42 of 2nd period - Wrist shot by Marcel Hossa.
12:42 of 2nd period - Deflect By Andrew Cogliano.
12:42 of 2nd period - Stopped by Evgeni Nabokov with a rebound.
12:50 of 2nd period - Wrist shot by Marcel Hossa.
12:50 of 2nd period - Shot Misses the Net.
12:52 of 2nd period - Slapshot by Kristopher Letang.
12:52 of 2nd period - Shot Blocked by Andrew Alberts.
12:54 of 2nd period - Slapshot by Brian Lee.
12:54 of 2nd period - Stopped by Evgeni Nabokov with a rebound.
13:00 of 2nd period - Wrist shot by Andrew Cogliano.
13:00 of 2nd period - Stopped by Evgeni Nabokov without a rebound.
13:01 of 2nd period - Jeff Carter wins face-off versus Nik Antropov in Bruins zone.
13:01 of 2nd period - Jeff Carter is hit by David Perron.
13:07 of 2nd period - Snap shot by Michael Frolik.
13:07 of 2nd period - Goal by Michael Frolik - Bruins : 3 - Blues : 3.
13:08 of 2nd period - Victor Oreskovich wins face-off versus Nik Antropov in neutral zone.
13:16 of 2nd period - Off-side.
13:17 of 2nd period - Jeff Carter wins face-off versus Nik Antropov in neutral zone.
13:34 of 2nd period - Wrist shot by David Perron.
13:34 of 2nd period - Shot Blocked by Jason Demers.
14:13 of 2nd period - Minor Penalty to David Perron for Tripping.
14:14 of 2nd period - Nik Antropov wins face-off versus Eric Lindros in Blues zone.
14:45 of 2nd period - Icing by Eric Lindros.
14:46 of 2nd period - Andrew Cogliano wins face-off versus Jeff Carter in Bruins zone.
15:12 of 2nd period - Brian Lee is hit by Wojtek Wolski.
15:19 of 2nd period - Icing by Wojtek Wolski.
15:20 of 2nd period - Victor Oreskovich wins face-off versus Andrew Cogliano in Bruins zone.
15:20 of 2nd period - Victor Oreskovich is hit by Andrew Cogliano.
15:32 of 2nd period - Snap shot by Jeff Carter.
15:32 of 2nd period - Stopped by Tuukka Rask with a rebound.
15:34 of 2nd period - Wrist shot by Jeff Carter.
15:34 of 2nd period - Shot Blocked by Kristopher Letang.
15:44 of 2nd period - Wojtek Wolski is hit by Sergei Shirokov.
15:48 of 2nd period - Slapshot by Ryan O'Byrne.
15:48 of 2nd period - Shot Misses the Net.
16:13 of 2nd period - Penalty to David Perron is over, David Perron is back on ice.
16:30 of 2nd period - Wrist shot by David Perron.
16:30 of 2nd period - Shot Blocked by Andrew Alberts.
16:36 of 2nd period - Bryce Lampman is hit by Matt Hendricks and loses puck.
16:53 of 2nd period - Wrist shot by Marian Hossa.
16:53 of 2nd period - Stopped by Evgeni Nabokov with a rebound.
16:55 of 2nd period - Wrist shot by Travis Zajac.
16:55 of 2nd period - Stopped by Evgeni Nabokov without a rebound.
16:56 of 2nd period - Travis Zajac wins face-off versus Eric Lindros in Bruins zone.
17:05 of 2nd period - Snap shot by Vitali Yachmenev.
17:05 of 2nd period - Stopped by Tuukka Rask without a rebound.
17:06 of 2nd period - Travis Zajac wins face-off versus Eric Lindros in Blues zone.
17:15 of 2nd period - Wrist shot by Paul Kariya.
17:15 of 2nd period - Shot Blocked by Christoph Schubert.
17:17 of 2nd period - Snap shot by Marian Hossa.
17:17 of 2nd period - Stopped by Evgeni Nabokov with a rebound.
17:19 of 2nd period - Snap shot by Paul Kariya.
17:19 of 2nd period - Shot Misses the Net.
17:23 of 2nd period - Snap shot by Marian Hossa.
17:23 of 2nd period - Stopped by Evgeni Nabokov without a rebound.
17:24 of 2nd period - Jeff Carter wins face-off versus Nik Antropov in Bruins zone.
17:39 of 2nd period - Slapshot by Viktor Stalberg.
17:39 of 2nd period - Deflect By Jeff Carter.
17:39 of 2nd period - Stopped by Tuukka Rask with a rebound.
17:51 of 2nd period - Travis Zajac is hit by Wojtek Wolski and loses puck.
18:03 of 2nd period - Minor Penalty to Vitali Yachmenev for Cross-checking.
18:04 of 2nd period - Nik Antropov wins face-off versus Matt Hendricks in Bruins zone.
18:12 of 2nd period - Snap shot by Nik Antropov.
18:12 of 2nd period - Shot Misses the Net.
18:14 of 2nd period - Snap shot by Marian Hossa.
18:14 of 2nd period - Shot Misses the Net.
19:21 of 2nd period - Eric Lindros is hit by Marian Hossa and loses puck.
Goals for this period are 0 for Bruins vs 1 for Blues.
Shots for this period are 5 for Bruins vs 16 for Blues.
3rd period
0:01 of 3rd period - Matt Hendricks wins face-off versus Nik Antropov in neutral zone.
0:03 of 3rd period - Penalty to Vitali Yachmenev is over, Vitali Yachmenev is back on ice.
0:06 of 3rd period - Snap shot by Wojtek Wolski.
0:06 of 3rd period - Shot Misses the Net.
0:08 of 3rd period - Slapshot by Vitali Yachmenev.
0:08 of 3rd period - Stopped by Tuukka Rask with a rebound.
0:10 of 3rd period - Slapshot by Andrew Alberts.
0:10 of 3rd period - Shot Misses the Net.
0:12 of 3rd period - Wrist shot by Matt Hendricks.
0:12 of 3rd period - Goal by Matt Hendricks - Bruins : 4 - Blues : 3.
0:13 of 3rd period - Travis Zajac wins face-off versus Eric Lindros in neutral zone.
0:49 of 3rd period - Snap shot by Jeff Carter.
0:49 of 3rd period - Stopped by Tuukka Rask with a rebound.
1:31 of 3rd period - Wrist shot by Erik Rasmussen.
1:31 of 3rd period - Stopped by Evgeni Nabokov with a rebound.
1:33 of 3rd period - Wrist shot by Erik Rasmussen.
1:33 of 3rd period - Stopped by Evgeni Nabokov without a rebound.
1:34 of 3rd period - Eric Lindros wins face-off versus Travis Zajac in Bruins zone.
1:34 of 3rd period - Vitali Yachmenev is hit by Dan Boyle and loses puck.
1:46 of 3rd period - Minor Penalty to Eric Lindros for Hooking.
1:47 of 3rd period - Nik Antropov wins face-off versus Matt Hendricks in Bruins zone.
1:48 of 3rd period - Snap shot by Paul Kariya.
1:48 of 3rd period - Stopped by Evgeni Nabokov without a rebound.
1:49 of 3rd period - Nik Antropov wins face-off versus Matt Hendricks in Bruins zone.
2:17 of 3rd period - Ryan O'Byrne is hit by Michael Frolik and loses puck.
2:46 of 3rd period - Paul Kariya is hit by Dave Bolland and loses puck.
3:46 of 3rd period - Penalty to Eric Lindros is over, Eric Lindros is back on ice.
4:08 of 3rd period - Wrist shot by Dainius Zubrus.
4:08 of 3rd period - Stopped by Tuukka Rask with a rebound.
4:35 of 3rd period - Wrist shot by Dainius Zubrus.
4:35 of 3rd period - Shot Misses the Net.
4:58 of 3rd period - Snap shot by Marcel Hossa.
4:58 of 3rd period - Shot Misses the Net.
5:12 of 3rd period - Slapshot by Dainius Zubrus.
5:12 of 3rd period - Stopped by Tuukka Rask without a rebound.
5:13 of 3rd period - Travis Zajac wins face-off versus Viktor Stalberg in Blues zone.
5:22 of 3rd period - Jeff Carter is hit by Marian Hossa and loses puck.
5:29 of 3rd period - Snap shot by Marian Hossa.
5:29 of 3rd period - Stopped by Evgeni Nabokov without a rebound.
5:30 of 3rd period - Nik Antropov wins face-off versus Matt Hendricks in Bruins zone.
5:35 of 3rd period - Wrist shot by David Perron.
5:35 of 3rd period - Goal by David Perron - Bruins : 4 - Blues : 4.
5:36 of 3rd period - Travis Zajac wins face-off versus Jeff Carter in neutral zone.
5:40 of 3rd period - Minor Penalty to Jeff Carter for Hooking.
5:41 of 3rd period - Nik Antropov wins face-off versus Matt Hendricks in Bruins zone.
5:43 of 3rd period - Slapshot by Marian Hossa.
5:43 of 3rd period - Shot Misses the Net.
5:45 of 3rd period - Snap shot by Paul Kariya.
5:45 of 3rd period - Stopped by Evgeni Nabokov without a rebound.
5:46 of 3rd period - Paul Kariya wins face-off versus Matt Hendricks in Bruins zone.
5:49 of 3rd period - Wrist shot by Nik Antropov.
5:49 of 3rd period - Shot Blocked by Matt Hendricks.
5:51 of 3rd period - Wrist shot by Nik Antropov.
5:51 of 3rd period - Stopped by Evgeni Nabokov with a rebound.
5:53 of 3rd period - Wrist shot by Nik Antropov.
5:53 of 3rd period - Stopped by Evgeni Nabokov with a rebound.
5:59 of 3rd period - Slapshot by Nik Antropov.
5:59 of 3rd period - Stopped by Evgeni Nabokov with a rebound.
6:01 of 3rd period - Snap shot by Dan Boyle.
6:01 of 3rd period - Shot Misses the Net.
7:00 of 3rd period - Snap shot by Dave Bolland.
7:00 of 3rd period - Stopped by Tuukka Rask with a rebound.
7:02 of 3rd period - Snap shot by Dave Bolland.
7:02 of 3rd period - Shot Blocked by Nik Antropov.
7:40 of 3rd period - Penalty to Jeff Carter is over, Jeff Carter is back on ice.
7:48 of 3rd period - Eric Lindros is hit by Kristopher Letang and loses puck.
7:57 of 3rd period - Snap shot by Mikael Samuelsson.
7:57 of 3rd period - Shot Blocked by Ryan O'Byrne.
8:22 of 3rd period - Snap shot by Dainius Zubrus.
8:22 of 3rd period - Stopped by Tuukka Rask without a rebound.
8:23 of 3rd period - Matt Hendricks wins face-off versus Erik Rasmussen in Blues zone.
8:24 of 3rd period - Slapshot by Matt Cooke.
8:24 of 3rd period - Goal by Matt Cooke - Bruins : 5 - Blues : 4.
8:25 of 3rd period - Travis Zajac wins face-off versus Jeff Carter in neutral zone.
8:30 of 3rd period - Snap shot by Travis Zajac.
8:30 of 3rd period - Shot Misses the Net.
8:32 of 3rd period - Snap shot by Paul Kariya.
8:32 of 3rd period - Goal by Paul Kariya - Bruins : 5 - Blues : 5.
8:33 of 3rd period - Eric Lindros wins face-off versus Travis Zajac in neutral zone.
9:35 of 3rd period - Snap shot by Viktor Stalberg.
9:35 of 3rd period - Shot Blocked by Travis Zajac.
9:37 of 3rd period - Slapshot by Viktor Stalberg.
9:37 of 3rd period - Stopped by Tuukka Rask with a rebound.
9:39 of 3rd period - Slapshot by Andrew Alberts.
9:39 of 3rd period - Shot Blocked by Marian Hossa.
9:41 of 3rd period - Slapshot by Jeff Carter.
9:41 of 3rd period - Stopped by Tuukka Rask with a rebound.
9:49 of 3rd period - Wrist shot by Victor Oreskovich.
9:49 of 3rd period - Stopped by Tuukka Rask without a rebound.
9:50 of 3rd period - Nik Antropov wins face-off versus Eric Lindros in Blues zone.
9:50 of 3rd period - Nik Antropov is hit by Vitali Yachmenev.
9:58 of 3rd period - Wrist shot by Vitali Yachmenev.
9:58 of 3rd period - Deflect By Wojtek Wolski.
9:58 of 3rd period - Shot Blocked by Dan Boyle.
9:58 of 3rd period - Puck is out of play.
9:59 of 3rd period - Eric Lindros wins face-off versus Nik Antropov in Blues zone.
10:33 of 3rd period - Dan Boyle is hit by Mark Stuart and loses puck.
11:03 of 3rd period - Backhand shot by Michael Frolik.
11:03 of 3rd period - Stopped by Evgeni Nabokov without a rebound.
11:04 of 3rd period - Dave Bolland wins face-off versus Marcel Hossa in Bruins zone.
11:04 of 3rd period - Ryan O'Byrne is hit by Andrew Cogliano and loses puck.
12:28 of 3rd period - Snap shot by Andrew Cogliano.
12:28 of 3rd period - Stopped by Evgeni Nabokov without a rebound.
12:29 of 3rd period - Jeff Carter wins face-off versus Travis Zajac in Bruins zone.
12:38 of 3rd period - Snap shot by Viktor Stalberg.
12:38 of 3rd period - Shot Misses the Net.
13:08 of 3rd period - Snap shot by Travis Zajac.
13:08 of 3rd period - Deflect By Marian Hossa.
13:08 of 3rd period - Stopped by Evgeni Nabokov with a rebound.
13:10 of 3rd period - Wrist shot by Marian Hossa.
13:10 of 3rd period - Shot Blocked by Victor Oreskovich.
13:12 of 3rd period - Wrist shot by Drew Fata.
13:12 of 3rd period - Shot Misses the Net.
13:28 of 3rd period - Wrist shot by Travis Zajac.
13:28 of 3rd period - Shot Hit the Post.
13:30 of 3rd period - Snap shot by Travis Zajac.
13:30 of 3rd period - Stopped by Evgeni Nabokov without a rebound.
13:31 of 3rd period - Vitali Yachmenev wins face-off versus Michael Frolik in Bruins zone.
13:46 of 3rd period - Snap shot by Wojtek Wolski.
13:46 of 3rd period - Stopped by Tuukka Rask without a rebound.
13:47 of 3rd period - Andrew Cogliano wins face-off versus Dave Bolland in Blues zone.
13:58 of 3rd period - Wrist shot by Dave Bolland.
13:58 of 3rd period - Shot Misses the Net.
14:19 of 3rd period - Snap shot by Andrew Alberts.
14:19 of 3rd period - Shot Misses the Net.
14:33 of 3rd period - Slapshot by Andrew Alberts.
14:33 of 3rd period - Shot Blocked by Kristopher Letang.
14:39 of 3rd period - Wrist shot by Richard Zednik.
14:39 of 3rd period - Shot Misses the Net.
14:49 of 3rd period - Slapshot by Kristopher Letang.
14:49 of 3rd period - Shot Blocked by Christoph Schubert.
14:51 of 3rd period - Slapshot by Travis Zajac.
14:51 of 3rd period - Goal by Travis Zajac - Bruins : 5 - Blues : 6.
14:52 of 3rd period - Eric Lindros wins face-off versus Marian Hossa in neutral zone.
16:39 of 3rd period - Snap shot by Marcel Hossa.
16:39 of 3rd period - Shot Blocked by Andrew Alberts.
16:41 of 3rd period - Snap shot by Brian Lee.
16:41 of 3rd period - Shot Blocked by Dave Bolland.
16:43 of 3rd period - Snap shot by Andrew Cogliano.
16:43 of 3rd period - Shot Misses the Net.
16:45 of 3rd period - Slapshot by Kristopher Letang.
16:45 of 3rd period - Deflect By Sergei Shirokov.
16:45 of 3rd period - Shot Blocked by Scott Hartnell.
16:45 of 3rd period - Puck is out of play.
16:46 of 3rd period - Dave Bolland wins face-off versus Andrew Cogliano in Bruins zone.
16:57 of 3rd period - Slapshot by Dan Boyle.
16:57 of 3rd period - Shot Blocked by Christoph Schubert.
16:59 of 3rd period - Snap shot by Marcel Hossa.
16:59 of 3rd period - Shot Blocked by Tom Gilbert.
17:11 of 3rd period - Dan Boyle is hit by Tom Gilbert and loses puck.
17:38 of 3rd period - Christoph Schubert is hit by Erik Rasmussen and loses puck.
18:11 of 3rd period - Icing by Andrew Cogliano.
18:12 of 3rd period - Dave Bolland wins face-off versus Andrew Cogliano in Blues zone.
18:13 of 3rd period - Snap shot by Scott Hartnell.
18:13 of 3rd period - Shot Misses the Net.
18:44 of 3rd period - Andrew Cogliano is hit by Vitali Yachmenev and loses puck.
19:07 of 3rd period - Snap shot by Marcel Hossa.
19:07 of 3rd period - Shot Blocked by Mark Stuart.
19:09 of 3rd period - Snap shot by Andrew Cogliano.
19:09 of 3rd period - Stopped by Evgeni Nabokov with a rebound.
19:11 of 3rd period - Snap shot by Sergei Shirokov.
19:11 of 3rd period - Stopped by Evgeni Nabokov with a rebound.
19:13 of 3rd period - Wrist shot by Drew Fata.
19:13 of 3rd period - Goal by Drew Fata - Bruins : 5 - Blues : 7.
19:14 of 3rd period - Erik Rasmussen wins face-off versus Dave Bolland in neutral zone.
19:25 of 3rd period - Snap shot by Erik Rasmussen.
19:25 of 3rd period - Shot Misses the Net.
19:27 of 3rd period - Snap shot by Erik Rasmussen.
19:27 of 3rd period - Deflect By Taylor Pyatt.
19:27 of 3rd period - Stopped by Evgeni Nabokov with a rebound.
19:29 of 3rd period - Slapshot by Bryce Lampman.
19:29 of 3rd period - Stopped by Evgeni Nabokov without a rebound.
19:30 of 3rd period - Nik Antropov wins face-off versus Jeff Carter in Bruins zone.
Goals for this period are 2 for Bruins vs 4 for Blues.
Shots for this period are 12 for Bruins vs 20 for Blues.
Output by the SimonT Hockey Simulator (STHS) for François Prévost -- Original Page W3C XHTML 1.0 Valid